AoeStats
← Jarl

Nomad

510364032Analyzed
4v4 RM · 2d ago on Sep 30, 2026· 52m 43s· 8 players
Game mode
Random Map
Map size
231×231
Population
200
Speed
Normal
Resources
Standard
Victory
Conquest
Starting age
Dark Age
Ending age
Imperial Age
RankedLock teamsTeams togetherTeam positionsShared explorationLock speedFull tech treeHidden civsTurbo modeCheats
Victory
Defeat
🇨🇿 Italians · Czechia
1271
+15
🇬🇧 Varangians · United Kingdom
1265
+16
🇳🇱 Danes · Netherlands
1235
+17
🇸🇪 Huns · Sweden
1182
+19
🇷🇺 Saxons · Russia
1327
-19
1275
-18
🇷🇺 Malians · Russia
1224
-16
🇨🇳 Vikings · China
1198
-14
Aapsjordwraak
5:09 Loom
13:41 Feudal Age
15:06 Double-Bit Axe
18:31 Castle Age
16:40 Gold Mining
16:43 Fletching
18:43 Arson
18:59 Scale Mail Armor
19:47 Horse Collar
27:48 Wheelbarrow
28:33 Heavy Plow
30:26 Chain Mail Armor
31:47 Gold Shaft Mining
35:15 Bodkin Arrow
42:15 Imperial Age
41:41 Elite Skirmisher
42:23 Padded Archer Armor
42:33 Forging
44:11 Onager
()=>{return WooZy}
4:44 Loom
12:33 Feudal Age
20:38 Castle Age
19:22 Bloodlines
19:16 Double-Bit Axe
19:49 Scale Barding Armor
20:37 Forging
20:50 Light Cavalry
34:09 Imperial Age
32:15 Wheelbarrow
31:23 Elite Skirmisher
32:09 Fletching
32:20 Padded Archer Armor
32:43 Ballistics
32:34 Masonry
33:39 Thumb Ring
33:31 Bodkin Arrow
35:05 Leather Archer Armor
35:16 Bracer
35:52 Bow Saw
35:23 Horse Collar
37:01 Chemistry
36:26 Husbandry
36:50 Town Watch
37:53 Ring Archer Armor
38:35 Conscription
41:13 Hussar
42:16 Chain Barding Armor
46:44 Elite Genoese Crossbowman
47:24 Elite Skirmisher
48:24 Gold Mining
Jarl
7:49 Loom
13:27 Feudal Age
17:47 Castle Age
16:23 Double-Bit Axe
17:28 Fishing Lines
19:33 Bow Saw
20:35 Wheelbarrow
20:33 Gillnets
21:22 Medium Warships
24:56 Bloodlines
26:54 Stone Mining
26:54 Gold Mining
28:25 Husbandry
28:20 Fletching
28:30 Padded Archer Armor
30:01 Ballistics
29:45 Bodkin Arrow
30:05 Leather Archer Armor
30:12 Leather Archer Armor
31:09 Thumb Ring
31:15 Squires
31:00 Arson
32:27 Hand Cart
41:52 Imperial Age
45:15 Chemistry
44:12 Murder Holes
44:27 Scale Barding Armor
45:42 Conscription
45:52 Parthian Tactics
47:16 Heavy Cavalry Archer
cdb
4:12 Loom
12:51 Feudal Age
14:32 Double-Bit Axe
20:02 Castle Age
18:45 Stone Mining
18:47 Gold Mining
21:08 Bow Saw
20:38 Horse Collar
23:36 Stone Shaft Mining
28:50 Heavy Plow
29:21 Scale Barding Armor
31:03 Forging
35:16 Imperial Age
33:54 Fletching
35:05 Bloodlines
36:26 Chain Barding Armor
37:54 Plate Barding Armor
37:55 Conscription
39:16 Two-Man Saw
38:29 Masonry
39:24 Iron Casting
42:35 Wheelbarrow
43:34 Crop Rotation
44:13 Blast Furnace
43:34 Hand Cart
43:10 Town Watch
43:12 Light Cavalry
43:53 Husbandry
43:52 Hussar
47:56 Vendel Legacy
48:02 Cavalier
53:08 Bodkin Arrow
鱼鱼
11:32 Loom
16:33 Feudal Age
17:24 Double-Bit Axe
20:09 Castle Age
18:02 Fletching
18:33 Horse Collar
20:54 Bodkin Arrow
21:45 Bow Saw
21:29 Gold Mining
23:41 Clinker Construction
25:21 Ballistics
26:53 Careening
29:57 Man-at-Arms
37:02 Imperial Age
35:44 Long Swordsman
36:25 Squires
36:11 Arson
36:28 Scale Mail Armor
36:39 Forging
37:28 Two-Handed Swordsman
38:49 Bracer
39:51 Chemistry
39:14 Carvel Hull
40:34 Champion
42:59 Padded Archer Armor
43:10 Elite Skirmisher
44:08 Leather Archer Armor
48:01 Leather Archer Armor
电脑人-偷家鸡鸡短三寸-
3:07 Loom
13:09 Feudal Age
17:57 Castle Age
16:44 Double-Bit Axe
18:35 Fletching
22:35 Wheelbarrow
27:17 Fishing Lines
28:01 Gillnets
32:13 Gold Mining
35:36 Imperial Age
35:00 Bow Saw
36:02 Hand Cart
35:37 Elite War Wagon
36:48 Conscription
36:28 Bodkin Arrow
37:43 Bracer
38:30 Ballistics
39:16 Chemistry
43:51 Siege Engineers
45:10 Two-Man Saw
52:01 Scale Mail Armor
52:11 Forging
51:46 Pikeman
52:26 Squires
roman.gringo
5:47 Loom
14:29 Feudal Age
18:31 Fletching
21:43 Padded Archer Armor
22:06 Double-Bit Axe
22:14 Gold Mining
27:31 Castle Age
28:11 Bodkin Arrow
27:37 Crossbowman
28:25 Thumb Ring
30:56 Ballistics
39:51 Wheelbarrow
39:55 Leather Archer Armor
45:55 Wheelbarrow
48:17 Hand Cart
53:36 Imperial Age
51:01 Elite Skirmisher
Alice1096
5:07 Loom
14:01 Feudal Age
16:03 Forging
16:45 Wheelbarrow
17:00 Scale Mail Armor
17:22 Fishing Lines
22:18 Castle Age
20:27 Fletching
22:39 Arson
23:09 Medium Warships
23:49 Iron Casting
23:17 Squires
25:24 Gold Mining
25:44 Horse Collar
27:15 Chain Mail Armor
32:38 Ballistics
33:42 Tigui
33:42 Town Watch
33:56 Murder Holes
38:41 Bodkin Arrow
39:51 Masonry
43:55 Hand Cart
47:55 Fortified Wall
Connection lost

Rejoining the realm…

Still unreachable

The connection could not be restored.

Session expired

The server has moved on; the page needs a fresh start.